Map: [ESL] Blackburn

Players

Astrea - Winner!

  • Race: Protoss Protoss

Trap

  • Race: Protoss Protoss

Event: IEM Katowice 2022

VOD

Have the link to the VOD?

Description

Time

  • Played on: Feb. 25, 2022, 10:44 a.m.
  • Length: 12:28

All games in this series

Show
View Real Time Build Order
Export as new Build Order

Astrea Protoss - Winner!

Build Orders: Blink Stalkers 

Get SALT Encoding   

  12  0:00  Probe  
  13  0:12  Probe  
  14  0:17  Pylon  
  14  0:24  Probe (Chrono Boost)  
  15  0:36  Probe (Chrono Boost)  
  15  0:37  Gateway  
  16  0:44  Probe (Chrono Boost)  
  16  0:46  Assimilator  
  17  0:51  Probe  
  17  0:56  Assimilator  
  18  1:03  Probe (Chrono Boost)  
  19  1:07  Pylon  
  20  1:12  Probe (Chrono Boost)  
  20  1:17  Probe (Chrono Boost)  
  21  1:26  Cybernetics Core  
  21  1:29  Probe  
  22  1:34  Zealot  
  24  1:41  Probe  
  25  1:53  Probe  
  26  2:00  Warp Gate (Chrono Boost)  
  26  2:05  Probe  
  27  2:09  Sentry  
  29  2:17  Probe  
  29  2:20  Pylon  
  31  2:30  Probe  
  31  2:34  Nexus  
  31  2:40  Stalker  
  31  2:42  Probe  
  33  2:53  Gateway  
  33  2:55  Probe  
  34  3:05  Stalker, Pylon  
  34  3:07  Probe  
  34  3:12  Shield Battery  
  35  3:19  Probe  
  38  3:20  Twilight Council  
  38  3:31  Probe  
  35  3:47  Probe (Chrono Boost)  
  35  3:48  Stalker x2, Probe (Chrono Boost)  
  41  3:53  Blink (Chrono Boost)  
  40  3:56  Probe (Chrono Boost)  
  40  3:59  Probe (Chrono Boost)  
  40  4:01  Probe (Chrono Boost)  
  41  4:08  Probe  
  43  4:13  Stalker, Probe  
  43  4:14  Stalker  
  47  4:20  Probe  
  48  4:25  Probe  
  49  4:33  Probe  
  50  4:39  Nexus  
  50  4:40  Pylon  
  50  4:42  Probe  
  50  4:45  Probe  
  52  4:48  Robotics Facility  
  52  4:54  Probe  
  52  4:57  Probe  
  52  4:59  Stalker  
  56  5:00  Stalker  
  56  5:06  Probe  
  59  5:08  Pylon  
  59  5:09  Probe  
  60  5:14  Assimilator  
  60  5:18  Probe  
  60  5:20  Gateway  
  60  5:21  Gateway  
  61  5:24  Probe  
  61  5:28  Stalker  
  64  5:30  Probe  
  65  5:36  Probe  
  65  5:37  Observer  
  65  5:38  Stalker  
  65  5:40  Shield Battery  
  65  5:41  Pylon  
  69  5:43  Probe  
  69  5:48  Charge (Chrono Boost)  
  70  5:54  Gateway  
  70  6:03  Stalker x2  
  74  6:06  Gateway  
  72  6:12  Pylon  
  72  6:14  Probe  
  72  6:16  Stalker x2  
  77  6:19  Observer  
  77  6:23  Probe x2 (Chrono Boost)  
  79  6:27  Probe (Chrono Boost)  
  80  6:35  Probe (Chrono Boost)  
  80  6:36  Forge, Probe (Chrono Boost)  
  80  6:39  Probe (Chrono Boost)  
  83  6:42  Probe (Chrono Boost)  
  83  6:43  Probe (Chrono Boost)  
  83  6:46  Stalker x4  
  93  6:50  Observer  
  93  6:52  Pylon  
  92  6:58  Probe  
  92  6:59  Probe x2  
  89  7:04  Stalker x2  
  93  7:11  Probe x2  
  93  7:13  Stalker x3  
  93  7:14  Probe  
  100  7:23  Probe  
  100  7:27  Stalker, Protoss Ground Weapons Level 1 (Chrono Boost)  
  100  7:29  Assimilator  
  103  7:30  Pylon  
  103  7:32  Stalker x2  
  103  7:33  Gateway  
  105  7:46  Pylon  
  105  7:48  Zealot x2  
  109  7:53  Observer (Chrono Boost)  
  109  7:56  Zealot x3  
  116  8:00  Pylon  
  116  8:05  Gateway  
  116  8:06  Gateway  
  116  8:12  Assimilator  
  116  8:13  Nexus  
  116  8:15  Photon Cannon  
  116  8:20  Stalker x3  
  120  8:30  Observer (Chrono Boost)  
  120  8:40  Assimilator  
  120  8:43  Pylon  
  118  8:57  Stalker x7  
  118  8:58  Pylon  
  132  9:03  Forge  
  132  9:08  Probe  
  132  9:09  Probe x2  
  133  9:17  Protoss Ground Weapons Level 2 (Chrono Boost)  
  133  9:20  Probe  
  133  9:21  Probe x2  
  133  9:23  Stalker x7  
  140  9:28  Observer  
  140  9:37  Stalker x2  
  144  9:39  Protoss Ground Armor Level 1 (Chrono Boost)  
  142  9:52  Nexus  
  142  9:55  Probe x4  
  142  9:57  Stalker x3  
  146  10:07  Probe  
  147  10:14  Stalker x4  
  147  10:15  Stalker x2  
  147  10:20  Photon Cannon  
  159  10:23  Pylon, Shield Battery  
  159  10:25  Pylon  
  159  10:26  Pylon  
  159  10:29  Stalker x2  
  159  10:34  Gateway  
  163  10:47  Stalker x5  
  163  10:48  Stalker x2  
  175  10:55  Pylon x2  
  175  10:56  Gateway  
  175  11:01  Stalker x2  
  177  11:06  Observer  
  175  11:12  Stalker x6  
  187  11:25  Pylon, Zealot x3  
  183  11:41  Stalker x7  
  183  11:42  Probe  
  183  11:47  Observer (Chrono Boost)  
  175  11:56  Stalker x4  
  175  12:06  Observer (Chrono Boost)  
  175  12:07  Stalker x4  
  167  12:11  Zealot x2  
  167  12:12  Zealot  
Show
View Real Time Build Order
Export as new Build Order

Trap Protoss 

Build Orders: Oracle Opening, Blink Stalkers 

Get SALT Encoding   

  12  0:00  Probe  
  13  0:12  Probe  
  14  0:17  Pylon  
  14  0:24  Probe  
  15  0:36  Probe (Chrono Boost)  
  15  0:38  Gateway  
  16  0:46  Probe (Chrono Boost)  
  17  0:51  Probe (Chrono Boost)  
  17  0:54  Assimilator  
  18  0:59  Assimilator  
  18  1:03  Probe (Chrono Boost)  
  19  1:06  Pylon  
  19  1:13  Probe (Chrono Boost)  
  19  1:18  Probe (Chrono Boost)  
  20  1:25  Cybernetics Core  
  21  1:29  Probe  
  22  1:35  Zealot  
  24  1:41  Probe  
  25  1:53  Probe  
  26  2:00  Pylon  
  26  2:02  Stargate  
  26  2:07  Adept  
  28  2:11  Warp Gate  
  28  2:17  Pylon  
  28  2:35  Nexus  
  28  2:43  Oracle (Chrono Boost)  
  28  2:50  Pylon  
  31  2:56  Probe  
  31  3:03  Twilight Council  
  31  3:09  Probe  
  30  3:19  Oracle (Chrono Boost)  
  30  3:21  Probe  
  34  3:28  Gateway  
  34  3:33  Probe  
  32  3:47  Probe (Chrono Boost)  
  34  3:54  Probe (Chrono Boost)  
  35  3:56  Blink, Probe (Chrono Boost)  
  35  4:01  Probe x2 (Chrono Boost)  
  37  4:11  Robotics Facility  
  37  4:13  Probe x2 (Chrono Boost)  
  39  4:21  Gateway  
  39  4:25  Probe (Chrono Boost)  
  39  4:30  Probe (Chrono Boost)  
  41  4:31  Shield Battery  
  41  4:32  Probe (Chrono Boost)  
  41  4:36  Probe  
  41  4:37  Adept x2  
  47  4:40  Probe  
  47  4:43  Assimilator  
  48  4:48  Probe  
  48  4:50  Pylon  
  48  4:52  Probe  
  48  5:04  Stalker x2  
  52  5:07  Immortal (Chrono Boost)  
  52  5:14  Pylon  
  56  5:16  Stalker  
  58  5:22  Pylon  
  58  5:37  Nexus  
  58  5:39  Probe x2, Observer  
  61  5:43  Stalker x2  
  65  5:50  Stalker  
  65  5:51  Probe  
  65  5:52  Probe  
  65  5:55  Assimilator  
  69  6:00  Pylon  
  69  6:07  Immortal  
  69  6:10  Probe x2  
  75  6:19  Pylon  
  75  6:22  Probe x2  
  77  6:26  Forge  
  77  6:27  Robotics Bay  
  77  6:38  Probe x2  
  79  6:43  Pylon  
  79  6:46  Observer  
  80  6:48  Shield Battery  
  80  6:49  Stalker x2  
  80  6:50  Stalker  
  80  6:52  Probe  
  88  6:54  Probe  
  88  6:56  Probe  
  83  7:02  Protoss Ground Weapons Level 1 (Chrono Boost)  
  83  7:04  Probe  
  83  7:06  Probe  
  85  7:08  Probe  
  85  7:12  Disruptor (Chrono Boost)  
  85  7:17  Probe  
  85  7:18  Probe  
  85  7:20  Stalker, Probe  
  85  7:21  Stalker  
  92  7:24  Stalker  
  92  7:28  Pylon  
  92  7:33  Gateway  
  92  7:34  Gateway  
  92  7:37  Gateway  
  92  7:38  Gateway  
  92  7:44  Stalker x2  
  92  7:46  Disruptor (Chrono Boost)  
  92  7:48  Shield Battery  
  99  7:57  Stalker  
  99  7:58  Probe x3  
  104  8:00  Pylon  
  104  8:01  Pylon  
  104  8:06  Assimilator  
  104  8:09  Robotics Facility  
  104  8:10  Assimilator  
  104  8:13  Observer  
  104  8:14  Disruptor (Chrono Boost)  
  107  8:20  Probe  
  107  8:21  Probe x2  
  110  8:37  Stalker x5  
  110  8:38  Stalker x2  
  124  8:41  Pylon  
  124  8:42  Observer  
  124  8:43  Pylon  
  124  8:51  Protoss Ground Weapons Level 2 (Chrono Boost)  
  124  8:52  Shield Battery  
  124  8:53  Shield Battery  
  123  8:56  Disruptor (Chrono Boost)  
  123  9:02  Photon Cannon  
  125  9:09  Photon Cannon, Dark Shrine  
  125  9:19  Stalker x4  
  132  9:27  Nexus  
  132  9:30  Probe x2  
  135  9:31  Probe  
  135  9:34  Pylon  
  135  9:44  Stalker x3  
  139  9:49  Observer  
  139  9:52  Shield Battery, Disruptor  
  143  9:56  Charge  
  137  10:08  Stalker x5  
  146  10:21  Photon Cannon  
  146  10:22  Gravitic Boosters  
  146  10:23  Shadow Stride, Shield Battery  
  146  10:24  Probe  
  146  10:25  Probe x2  
  149  10:37  Pylon, Probe  
  149  10:39  Pylon, Dark Templar  
  149  10:41  Probe, Observer  
  149  10:42  Probe x2  
  154  10:45  Warp Prism (Chrono Boost)  
  154  10:48  Observer (Chrono Boost)  
  154  10:49  Probe  
  158  10:54  Assimilator  
  158  10:55  Pylon, Assimilator  
  156  10:59  Probe x3  
  159  11:09  Photon Cannon  
  159  11:12  Dark Templar x4  
  167  11:19  Nexus  
  167  11:21  Pylon  
  156  11:44  Disruptor (Chrono Boost)  
  156  11:45  Disruptor (Chrono Boost)  
  124  11:49  Stalker x4  
  124  11:50  Zealot x3  
  98  12:12  Gateway, Dark Templar x2  
  98  12:13  Dark Templar  
  98  12:14  Zealot  
  101  12:17  Gateway  
  101  12:18  Gateway  

Tags
 
Add a new tag
Caveats
  • Supply blocks, unpowered buildings, or Contaminate may cause inaccurate times.
  • Supply counts are checked every 10 seconds.